 Dungeon Crawl Stone Soup version 0.22.1-1-ga44c0e5 (webtiles) character file.

10930 Stepladder the Spear-Bearer (level 11, 0/145 HPs)
             Began as a Merfolk Gladiator on Sept 27, 2018.
             Was a Priest of Makhleb.
             Slain by a spiny frog (4 damage)
             ... on level 1 of the Lair of Beasts on Sept 28, 2018.
             The game lasted 01:16:48 (16963 turns).

Stepladder the Spear-Bearer (Merfolk Gladiator)    Turns: 16963, Time: 01:16:49

Health: 0/145      AC: 25    Str: 16      XL:     11   Next: 69%
Magic:  14/14      EV:  2    Int:  7 (8)  God:    Makhleb [***...]
Gold:   245        SH:  9    Dex: 13 (15) Spells: 10/10 levels left

rFire    . . .     SeeInvis .   E - +1 demon trident
rCold    . . .     Gourm    .   D - +0 shield
rNeg     + + +     Faith    .   (armour currently unavailable)
rPois    +         Spirit   .   (helmet currently unavailable)
rElec    .         Reflect  .   (cloak currently unavailable)
rCorr    .         Harm     .   (gloves currently unavailable)
MR       .....     NoTele   +   (boots currently unavailable)
Stlth    +.........             (no amulet)
HPRegen  0.34/turn              (no ring)
MPRegen  0.14/turn              (no ring)

@: lethally poisoned (0 -> -20), tree-form
A: (change form in water), (swift swim), (stealthy swim), clumsy 1, robust 1
a: Minor Destruction, Lesser Servant of Makhleb, Renounce Religion


You were on level 1 of the Lair of Beasts.
You worshipped Makhleb.
Makhleb was most pleased with you.
You were hungry.
You were a tree.
You visited 3 branches of the dungeon, and saw 14 of its levels.

You collected 605 gold pieces.
You spent 360 gold pieces at shops.

Inventory:

Hand Weapons
 a - a +0 blowgun
 c - a +4 spear of flaming
 h - a +3 halberd
 E - a +1 demon trident (weapon)
Missiles
 d - 27 poisoned needles
 m - a throwing net
 n - 65 sling bullets
 u - 7 needles of paralysis
 y - 8 tomahawks (quivered)
 C - 2 steel tomahawks
Armour
 g - a +2 hat (melded)
 q - a +0 scale mail (melded)
 x - a +0 troll leather armour
 D - a +0 shield (worn)
 F - a +0 pair of gloves (melded)
Wands
 k - a wand of iceblast (19)
 r - a wand of acid (16)
 w - a wand of paralysis (19)
 A - a wand of disintegration (27)
Scrolls
 l - 4 scrolls of remove curse
 o - a scroll of blinking {unknown}
 v - a scroll of fear {unknown}
 B - a scroll of magic mapping
 G - 3 scrolls of fog {unknown}
 H - a scroll of summoning {unknown}
 I - a scroll of noise {unknown}
 J - 2 scrolls of random uselessness {unknown}
Potions
 b - 3 potions of brilliance
 e - 2 potions of resistance
 s - 2 potions of flight
 t - 4 potions of mutation
Miscellaneous
 j - a phial of floods
 p - a sack of spiders
Comestibles
 f - 22 rations


   Skills:
 + Level 9.6 Fighting
 + Level 12.5 Polearms
 - Level 2.0 Throwing
 + Level 6.2 Armour
 + Level 11.7 Dodging
 + Level 5.2 Shields
 - Level 4.0 Invocations


You had 10 spell levels left.
You didn't know any spells.
Your spell library contained the following spells:

 Spells                   Type           Power        Failure   Level  Hunger
 Sting                    Conj/Pois      #...         86%         1    ##.....
 Poisonous Vapours        Pois/Air       #.....       94%         2    ###....
 Mephitic Cloud           Conj/Pois/Air  #.......     99%         3    ####...
 Olgreb's Toxic Radiance  Pois           #.......     100%        4    #####..
 Venom Bolt               Conj/Pois      #.........   100%        5    ######.


Dungeon Overview and Level Annotations

Branches:
Dungeon (12/15)            Temple (1/1) D:4            Lair (1/6) D:8
    Orc (0/2) D:10

Altars:
Ashenzari
Cheibriados
Dithmenos
Elyvilon
Fedhas
Gozag
Hepliaklqana
Kikubaaqudgha
Makhleb
Nemelex Xobeh
Okawaru
Qazlal
Ru
Sif Muna
Trog
Uskayaw
Vehumet
Wu Jian
Xom
Yredelemnul
Zin
The Shining One

Shops:
D:4 *   D:5 (}

Portals:
Trove: D:10 (give +4 storm dragon scales)

Annotations:
D:6 Menkaure
D:10 exclusion: oklob sapling
D:11 Nergalle


Innate Abilities, Weirdness & Mutations

((You revert to your normal form in water.))
((You are very nimble and swift while swimming.))
((You are very stealthy in the water. (Stealth+)))
You are clumsy. (Dex -2)
You are robust. (+10% HP)


Message History

* * * LOW HITPOINT WARNING * * *
You feel very sick. The wolf bites you but does no damage.
Your smoke demon hits the wolf but does no damage.
Your smoke demon closely misses the wolf.
Your smoke demon hits the wolf.
The spiny frog stings you but does no damage.
You closely miss the spiny frog.
The spiny frog is almost dead.
* * * LOW HITPOINT WARNING * * *
You feel sick. The wolf bites you but does no damage.
Your smoke demon hits the wolf!
Your smoke demon barely misses the wolf. x2
The spiny frog stings you but does no damage.
You block the wolf's attack.
You barely miss the spiny frog.
The spiny frog is almost dead.
* * * LOW HITPOINT WARNING * * *
You feel sick. You block the wolf's attack. The spiny frog stings you.
You die...

#............ #......##
#.......#....##.......#
................#
.##............#
.....###.(....# #..#
#......##
#..####..>....#
.#...#........##
........♣......#
#.....3hF....##
##...........#
#..###......#
......##......#
..............#
..............# .
.)..........#
............#


You could see a spiny frog, a wolf and a friendly smoke demon.

Vanquished Creatures
  2 two-headed ogres (D:10)
  A troll (D:11)
  2 slime creatures
  2 dream sheep (D:9)
  4 hippogriffs
  Sigmund (D:3)
  3 yaks
  3 wyverns
  Edmund (D:5)
  A water moccasin (D:10)
  2 porcupines (Lair:1)
  4 orc warriors
  3 ice beasts
  2 sky beasts
  A necrophage (D:9)
  2 phantoms
  6 ogres
  5 centaurs
  2 crocodiles (Lair:1)
  6 big kobolds
  7 bullfrogs
  2 scorpions
  5 killer bees (D:8)
  10 wights (D:11)
  3 crimson imps
  4 bullfrog zombies
  3 bullfrog skeletons
  5 hounds
  2 orc priests
  A jelly (D:11)
  2 centaur skeletons
  3 iguanas
  Natasha (thrice) (D:4)
  5 orc wizards
  4 worker ants
  A killer bee zombie (D:9)
  2 hound skeletons
  A howler monkey zombie (D:8)
  2 worker ant zombies
  13 adders
  A shadow imp (D:8)
  4 oozes
  An adder zombie (D:5)
  4 adder skeletons
  A dart slug (D:1)
  5 leopard geckos
  32 orcs
  5 giant cockroaches
  4 goblins
  7 hobgoblins
  12 jackals
  6 quokkas
  8 ball pythons
  5 bats
  4 frilled lizards
  26 kobolds
  2 quokka skeletons
  6 rats
  3 plants
267 creatures vanquished.

Vanquished Creatures (collateral kills)
  Harold (Lair:1)
  A hydra (D:9)
  A hornet (D:10)
  A troll (D:10)
  A hippogriff (D:11)
  A water moccasin (Lair:1)
  A big kobold (D:9)
  A bullfrog zombie (D:10)
  An orc priest (D:10)
  An orc (D:10)
  A jackal (D:10)
  3 kobolds (D:10)
14 creatures vanquished.

Vanquished Creatures (others)
  4 plants (D:10)
4 creatures vanquished.

Grand Total: 285 creatures vanquished

Notes
Turn   | Place    | Note
-------+----------+-------------------------------------------
     0 | D:1      | Stepladder the Merfolk Gladiator began the quest for the
                  | Orb.
     0 | D:1      | Reached XP level 1. HP: 16/16 MP: 1/1
   178 | D:1      | Reached XP level 2. HP: 20/23 MP: 2/2
   717 | D:1      | Reached skill level 5 in Polearms
   717 | D:1      | Reached XP level 3. HP: 28/28 MP: 3/3
  1863 | D:2      | Reached XP level 4. HP: 35/35 MP: 4/4
  2107 | D:2      | Reached skill level 5 in Dodging
  2625 | D:3      | Noticed Sigmund
  2635 | D:3      | Killed Sigmund
  2635 | D:3      | Reached skill level 6 in Polearms
  2635 | D:3      | Reached skill level 1 in Armour
  2635 | D:3      | Reached XP level 5. HP: 42/42 MP: 5/5
  2635 | D:3      | Reached XP level 6. HP: 48/48 MP: 6/6
  2798 | D:3      | You fall through a shaft for 2 floors!
  2798 | D:5      | Entered Level 5 of the Dungeon
  2913 | D:5      | Noticed an orc warrior
  3040 | D:4      | Noticed a sky beast
  3103 | D:4      | Noticed Natasha
  3277 | D:4      | Found a staircase to the Ecumenical Temple.
  3288 | Temple   | Entered the Ecumenical Temple
  3707 | Temple   | Became a worshipper of Makhleb the Destroyer
  3762 | D:4      | Killed Natasha
  3874 | D:4      | Found Hossecs's Assorted Antiques.
  4045 | D:4      | Reached XP level 7. HP: 55/55 MP: 7/7
  4128 | D:4      | Reached skill level 7 in Polearms
  4389 | D:4      | Noticed Natasha
  4405 | D:4      | Killed Natasha
  4449 | D:4      | Noticed Natasha
  4471 | D:4      | Killed Natasha
  4663 | D:4      | Reached skill level 5 in Fighting
  5534 | D:3      | Reached XP level 8. HP: 62/62 MP: 8/8
  5933 | D:5      | Noticed Edmund
  5948 | D:5      | Killed Edmund
  5948 | D:5      | Reached skill level 8 in Polearms
  6644 | D:5      | Found Goowkag's Gadget Emporium.
  6839 | D:5      | Found Niwausayv's Weapon Boutique.
  7182 | D:5      | Reached skill level 9 in Polearms
  7256 | D:6      | Reached skill level 1 in Invocations
  7335 | D:6      | Reached XP level 9. HP: 71/71 MP: 9/9
  7397 | D:6      | Reached * piety under Makhleb
  7709 | D:6      | Noticed Menkaure
  8676 | D:7      | Noticed a dagger
  8678 | D:7      | Noticed a dagger
  8679 | D:7      | Found a hide-covered altar of Uskayaw.
  9337 | D:8      | Gained mutation: You are clumsy. (Dex -2) [potion of
                  | mutation]
  9337 | D:8      | Gained mutation: You are robust. (+10% HP) [potion of
                  | mutation]
  9558 | D:8      | Found a staircase to the Lair.
  9820 | D:4      | Bought a demon trident for 360 gold pieces
  9983 | D:8      | Reached skill level 10 in Polearms
 10830 | D:8      | Reached ** piety under Makhleb
 10921 | D:9      | Reached XP level 10. HP: 72/88 MP: 13/13
 11013 | D:9      | You fall through a shaft for 3 floors!
 11056 | D:12     | Reached skill level 1 in Shields
 11212 | D:11     | Noticed a purple ugly thing
 11290 | D:11     | Noticed a two-headed ogre
 11542 | D:11     | Noticed a cyclops
 11601 | D:11     | Reached skill level 10 in Dodging
 11620 | D:11     | Reached skill level 5 in Armour
 11676 | D:11     | Reached skill level 11 in Polearms
 11990 | D:10     | Entered Level 10 of the Dungeon
 12888 | D:9      | Reached *** piety under Makhleb
 13060 | D:9      | Reached XP level 11. HP: 57/95 MP: 14/14
 13512 | D:9      | Noticed a three-headed hydra
 13526 | D:9      | Killed a three-headed hydra
 13936 | D:10     | HP: 3/97 [water moccasin (5)]
 13958 | D:10     | Reached skill level 12 in Polearms
 13960 | D:10     | Found a blossoming altar of Fedhas.
 14899 | D:10     | Reached **** piety under Makhleb
 14912 | D:10     | Found a staircase to the Orcish Mines.
 15021 | D:10     | Noticed a two-headed ogre
 15025 | D:10     | Noticed a two-headed ogre
 15051 | D:10     | Killed a two-headed ogre
 15105 | D:10     | Killed a two-headed ogre
 15512 | D:10     | Found a portal to a secret trove of treasure.
 15969 | D:11     | Noticed Nergalle
 16349 | D:11     | Reached skill level 5 in Shields
 16475 | Lair:1   | Entered Level 1 of the Lair of Beasts
 16481 | Lair:1   | Noticed Harold
 16507 | Lair:1   | Killed Harold
 16961 | Lair:1   | HP: 7/145 [poisoned by a spiny frog]
 16963 | Lair:1   | Slain by a spiny frog

Skill      XL: |  1  2  3  4  5  6  7  8  9 10 11 |
---------------+----------------------------------+-----
Polearms       | 5 6 7 9 10 11 12 | 12.5
Fighting       | 3 4 5 6 7 8 9 |  9.6
Dodging        | 5 6 7 8 9 10 11 | 11.7
Armour         | 1 2 3 4 5 6 |  6.2
Invocations    | 1 4 |  4.0
Shields        | 3 5 |  5.2
Throwing       | |  2.0

Action                   |  1- 3 |  4- 6 |  7- 9 | 10-12 || total
-------------------------+-------+-------+-------+-------++-------
Melee: Trident           |   116 |   175 |   153 |       ||   444
       Spear             |       |       |   215 |       ||   215
       Demon trident     |       |       |    99 |   554 ||   653
       Tailslap          |       |       |       |     4 ||     4
Throw: Stone             |    24 |    13 |    21 |       ||    58
       Throwing net      |     1 |       |     2 |       ||     3
       Tomahawk          |       |       |    39 |    25 ||    64
Invok: Minor Destruction |       |       |       |    57 ||    57
       Lesser Servant of |       |       |       |    11 ||    11
  Use: Scroll            |     1 |     2 |     6 |     4 ||    13
       Potion            |       |       |     3 |    11 ||    14
 Stab: Sleeping          |     2 |       |       |       ||     2
  Eat: Chunk             |     3 |     4 |    11 |    12 ||    30
       Ration            |       |     1 |     3 |     2 ||     6
Armor: Leather armour    |    24 |       |       |       ||    24
       Scale mail        |       |    74 |   100 |   126 ||   300
       Ring mail         |       |     3 |       |       ||     3
       Skin              |       |       |     7 |    11 ||    18
Dodge: Dodged            |    60 |   128 |   207 |   220 ||   615
Block: Shield            |       |       |     4 |   200 ||   204
